AAA WEST
ROUND ROCK EXPRESS @ SACRAMENTO RIVER CATS
05/02/2042
 
TOP OF THE 1ST
Round Rock Express batting - Pitching for Sacramento River Cats : LHP Stan Marshall
Pitching: LHP Stan Marshall
Batting: RHB Alex Crowe 0-0: Swinging Strike
0-1: Ball
1-1: Called Strike
1-2: Foul Ball, location: 3FF
1-2: Ball
2-2: Foul Ball, location: 23F
2-2: Foul Ball, location: 3SF
2-2: Ball
3-2: Foul Ball, location: 7LSF
3-2: Fly out, F9 (Flyball, 9, EV 85.6 MPH)
Batting: LHB Kieran Wright 0-0: Swinging Strike
0-1: Ball
1-1: Ball
2-1: Fly out, F8 (Flyball, 8LXD, EV 110.6 MPH)
Batting: RHB Ken Hanson 0-0: Foul Ball, location: 23F
0-1: Ball
1-1: Ball
2-1: Ball
3-1: Base on Balls
Batting: RHB Jim Unknown 0-0: Foul Ball, location: 2LF
0-1: Called Strike
Ken Hanson is caught stealing 2nd base 2-4
Top of the 1st over - 0 runs, 0 hits, 0 errors, 0 left on base; Round Rock 0 - Sacramento 0
BOTTOM OF THE 1ST
Sacramento River Cats batting - Pitching for Round Rock Express : RHP Gregorio Torena
Pitching: RHP Gregorio Torena
Batting: RHB Luis Hernández 0-0: Ball
1-0: Called Strike
1-1: Foul Ball, location: 5F
1-2: Strikes out looking
Batting: RHB Kris Smith 0-0: Called Strike
0-1: Ball
1-1: Ball
2-1: Ball
3-1: SINGLE (Groundball, 6MD, EV 101.3 MPH)
Batting: RHB Dewitt Mathews 0-0: Ball
1-0: Foul Ball, location: 2F
1-1: Grounds into double play, 5-4-3 (Groundball, 56S, EV 82.5 MPH)
Bottom of the 1st over - 0 runs, 1 hit, 0 errors, 0 left on base; Round Rock 0 - Sacramento 0
TOP OF THE 2ND
Round Rock Express batting - Pitching for Sacramento River Cats : LHP Stan Marshall
Batting: RHB Jim Unknown 0-0: Called Strike
0-1: Ground out 5-3 (Groundball, 5L, EV 86.9 MPH)
Batting: RHB Jim Unknown 0-0: Ground out 5-3 (Groundball, 56, EV 97.5 MPH)
Batting: SHB Jim Unknown 0-0: Called Strike
0-1: Ball
1-1: Ball
2-1: Ball
3-1: SINGLE (Line Drive, 89S, EV 103.8 MPH)
Batting: RHB Jim Unknown 0-0: Foul Ball, location: 25FF
0-1: Foul Ball, location: 9LSF
0-2: Ball
1-2: Ground out 5-3 (Groundball, 5S, EV 67.5 MPH)
Top of the 2nd over - 0 runs, 1 hit, 0 errors, 1 left on base; Round Rock 0 - Sacramento 0
BOTTOM OF THE 2ND
Sacramento River Cats batting - Pitching for Round Rock Express : RHP Gregorio Torena
Batting: LHB Jesús Rivera 0-0: Ground out 4-3 (Groundball, 4, EV 83.8 MPH)
Batting: RHB Lou MacDonald 0-0: Ball
1-0: Foul Ball, location: 2F
1-1: Ball
2-1: DOUBLE (Line Drive, 5D, EV 103.8 MPH)
Batting: RHB José Simmons 0-0: Called Strike
0-1: Called Strike
0-2: Strikes out swinging
Batting: RHB Tim Miller 0-0: Ball
1-0: Called Strike
1-1: Foul Ball, location: 2F
1-2: Ball
2-2: Strikes out swinging
Bottom of the 2nd over - 0 runs, 1 hit, 0 errors, 1 left on base; Round Rock 0 - Sacramento 0
TOP OF THE 3RD
Round Rock Express batting - Pitching for Sacramento River Cats : LHP Stan Marshall
Batting: SHB Jim Unknown 0-0: Foul Ball, location: 2F
0-1: Ball
1-1: Ball
2-1: Foul Ball, location: 9LSF
2-2: Strikes out swinging
Batting: RHB Jim Unknown 0-0: Called Strike
0-1: Ball
1-1: Swinging Strike
1-2: Foul Ball, location: 2F
1-2: Ground out 5-3 (Groundball, 56, EV 77.5 MPH)
Batting: RHB Alex Crowe 0-0: Called Strike
0-1: Foul Ball, location: 9LSF
0-2: Ground out U3 (Groundball, 3L, EV 87.5 MPH)
Top of the 3rd over - 0 runs, 0 hits, 0 errors, 0 left on base; Round Rock 0 - Sacramento 0
BOTTOM OF THE 3RD
Sacramento River Cats batting - Pitching for Round Rock Express : RHP Gregorio Torena
Batting: LHB Luis Manuel Valéncia 0-0: Ground out 3-1 (Groundball, 34S, EV 78.1 MPH)
Batting: RHB Jim Unknown 0-0: Called Strike
0-1: Ball
1-1: Ball
2-1: Foul Ball, location: 3SF
2-2: Strikes out looking
Batting: RHB Luis Hernández 0-0: Ball
1-0: Ball
2-0: Called Strike
2-1: Ball
3-1: Called Strike
3-2: Strikes out swinging
Bottom of the 3rd over - 0 runs, 0 hits, 0 errors, 0 left on base; Round Rock 0 - Sacramento 0
TOP OF THE 4TH
Round Rock Express batting - Pitching for Sacramento River Cats : LHP Stan Marshall
Batting: LHB Kieran Wright 0-0: Called Strike
0-1: Ball
1-1: SINGLE (Line Drive, 7LS, EV 88.8 MPH)
Batting: RHB Ken Hanson 0-0: Ball
1-0: SINGLE (Line Drive, 7LS, EV 91.3 MPH)
Kieran Wright to second
Batting: RHB Jim Unknown 0-0: Called Strike
0-1: Called Strike
0-2: Ball
1-2: Ball
2-2: Ball
3-2: Strikes out looking
Batting: RHB Jim Unknown 0-0: Ball
1-0: Ball
2-0: Called Strike
2-1: Foul Ball, location: 9LSF
2-2: Strikes out looking
Batting: SHB Jim Unknown 0-0: Called Strike
0-1: Swinging Strike
0-2: Ball
1-2: Fly out, F8 (Flyball, 8LD, EV 97.5 MPH)
Top of the 4th over - 0 runs, 2 hits, 0 errors, 2 left on base; Round Rock 0 - Sacramento 0
BOTTOM OF THE 4TH
Sacramento River Cats batting - Pitching for Round Rock Express : RHP Gregorio Torena
Batting: RHB Kris Smith 0-0: Fly out, F8 (Flyball, 8RM, EV 93.8 MPH)
Batting: RHB Dewitt Mathews 0-0: Called Strike
0-1: Foul Ball, location: 9LDF
0-2: Foul Ball, location: 3FF
0-2: Ball
1-2: Foul Ball, location: 25F
1-2: Ground out U3 (Groundball, 34, EV 82.5 MPH)
Batting: LHB Jesús Rivera 0-0: Foul Ball, location: 9LMF
0-1: Foul Ball, location: 9LSF
0-2: Ball
1-2: Foul Ball, location: 5SF
1-2: Foul Ball, location: 7LMF
1-2: Foul Ball, location: 3DF
1-2: SOLO HOME RUN (Flyball, 89XD, EV 110.0 MPH), Distance : 430 ft
Batting: RHB Lou MacDonald 0-0: Called Strike
0-1: Swinging Strike
0-2: Ball
1-2: Ball
2-2: Foul Ball, location: 3F
2-2: Ground out U3 (Groundball, 3S, EV 81.9 MPH)
Bottom of the 4th over - 1 run, 1 hit, 0 errors, 0 left on base; Round Rock 0 - Sacramento 1
TOP OF THE 5TH
Round Rock Express batting - Pitching for Sacramento River Cats : LHP Stan Marshall
Batting: RHB Jim Unknown 0-0: Ball
1-0: Ball
2-0: Ground out 5-3 (Groundball, 56, EV 103.8 MPH)
Batting: SHB Jim Unknown 0-0: Ball
1-0: Foul Ball, location: 5F
1-1: Reached on error, E6 (Groundball, 56, EV 84.4 MPH)
Batting: RHB Jim Unknown 0-0: Ball
1-0: Ball
2-0: Ball
3-0: Called Strike
3-1: Base on Balls
Jim Unknown to second
Batting: RHB Alex Crowe 0-0: Ball
1-0: Called Strike
1-1: SINGLE (Groundball, 4D, EV 86.9 MPH) (infield hit)
Jim Unknown to third
Jim Unknown to second
Batting: LHB Kieran Wright 0-0: Grounds into fielders choice 4-2 (Groundball, 4, EV 83.8 MPH)
Jim Unknown to third
Alex Crowe to second
Batting: RHB Ken Hanson 0-0: Called Strike
0-1: GRAND SLAM HOME RUN (Flyball, 78XD, EV 113.8 MPH), Distance : 445 ft
Batting: RHB Jim Unknown 0-0: Ball
1-0: Reached on error, E6 (Groundball, 6, EV 90.6 MPH)
Batting: RHB Jim Unknown 0-0: Called Strike
0-1: Ball
Jim Unknown steals 2nd base
1-1: Foul Ball, location: 5F
1-2: Ball
2-2: Ground out 6-3 (Groundball, 6S, EV 62.5 MPH)
Top of the 5th over - 4 runs, 2 hits, 2 errors, 1 left on base; Round Rock 4 - Sacramento 1
BOTTOM OF THE 5TH
Sacramento River Cats batting - Pitching for Round Rock Express : RHP Gregorio Torena
Batting: RHB José Simmons 0-0: Called Strike
0-1: Ball
1-1: Fly out, F8 (Flyball, 8RD, EV 96.9 MPH)
Batting: RHB Tim Miller 0-0: Fly out, F8 (Flyball, 78D, EV 88.8 MPH)
Batting: LHB Luis Manuel Valéncia 0-0: Called Strike
0-1: Called Strike
0-2: Foul Ball, location: 2F
0-2: Ball
1-2: Foul Ball, location: 5DF
1-2: Ball
2-2: Ball
3-2: Fly out, F8 (Flyball, 89M, EV 91.3 MPH)
Bottom of the 5th over - 0 runs, 0 hits, 0 errors, 0 left on base; Round Rock 4 - Sacramento 1
TOP OF THE 6TH
Round Rock Express batting - Pitching for Sacramento River Cats : LHP Stan Marshall
Batting: SHB Jim Unknown 0-0: Ball
1-0: Called Strike
1-1: Ball
2-1: Ball
3-1: Base on Balls
Batting: RHB Jim Unknown 0-0: Ball
1-0: Called Strike
1-1: Ball
2-1: Foul Ball, location: 2F
2-2: Foul Ball, location: 5SF
2-2: Ball
3-2: Fly out, F4 (Popup, 4S, EV 79.4 MPH)
Pitching: LHP Mike Berry
Batting: SHB Jim Unknown 0-0: Called Strike
0-1: Ball
1-1: Foul Ball, location: 3F
1-2: Fly out, F7 (Flyball, 7LM, EV 88.1 MPH)
Batting: RHB Jim Unknown 0-0: Ball
1-0: Ball
2-0: Fielders Choice at 2nd, 6-4 (Groundball, 6, EV 100.0 MPH)
Top of the 6th over - 0 runs, 0 hits, 0 errors, 1 left on base; Round Rock 4 - Sacramento 1
BOTTOM OF THE 6TH
Sacramento River Cats batting - Pitching for Round Rock Express : RHP Gregorio Torena
Batting: RHB Jim Unknown 0-0: Called Strike
0-1: Ball
1-1: Swinging Strike
1-2: Hit by Pitch
Batting: RHB Luis Hernández 0-0: Foul Ball, location: 2F
0-1: Fly out, F6 (Popup, 15S, EV 87.5 MPH)
Batting: RHB Kris Smith 0-0: Ball
1-0: Fielders Choice at 2nd, 1-6 (Groundball, 13S, EV 64.4 MPH)
Batting: RHB Dewitt Mathews 0-0: Ball
1-0: Called Strike
Kris Smith steals 2nd base (no throw)
1-1: Foul Ball, location: 9LMF
1-2: Fly out, F7 (Flyball, 78S, EV 82.5 MPH)
Bottom of the 6th over - 0 runs, 0 hits, 0 errors, 1 left on base; Round Rock 4 - Sacramento 1
TOP OF THE 7TH
Round Rock Express batting - Pitching for Sacramento River Cats : LHP Mike Berry
Batting: RHB Alex Crowe 0-0: Ball
1-0: Ball
2-0: SINGLE (Groundball, 6MD, EV 95.0 MPH)
Batting: LHB Kieran Wright 0-0: Bunted foul
0-1: Bunted foul
0-2: Strikes out swinging
Batting: RHB Ken Hanson 0-0: Ball
1-0: Ground out 6-3 (Groundball, 6MS, EV 67.5 MPH)
Alex Crowe to second
Batting: RHB Jim Unknown 0-0: Intentional Walk
Batting: RHB Jim Unknown 0-0: Ground out 3-1 (Groundball, 34, EV 105.6 MPH)
Top of the 7th over - 0 runs, 1 hit, 0 errors, 2 left on base; Round Rock 4 - Sacramento 1
BOTTOM OF THE 7TH
Sacramento River Cats batting - Pitching for Round Rock Express : RHP Gregorio Torena
Batting: LHB Jesús Rivera 0-0: Called Strike
0-1: Ground out 4-3 (Groundball, 4, EV 84.4 MPH)
Batting: RHB Lou MacDonald 0-0: Foul Ball, location: 7LSF
0-1: SINGLE (Flyball, 5D, EV 83.8 MPH)
Batting: RHB José Simmons 0-0: Swinging Strike
0-1: Foul Ball, location: 7LSF
0-2: Foul Ball, location: 2F
0-2: Ball
1-2: Foul Ball, location: 3FF
1-2: Foul Ball, location: 2F
1-2: Strikes out looking
Batting: RHB Tim Miller 0-0: Fielders Choice at 2nd, 6-4 (Groundball, 6, EV 108.1 MPH)
Bottom of the 7th over - 0 runs, 1 hit, 0 errors, 1 left on base; Round Rock 4 - Sacramento 1
TOP OF THE 8TH
Round Rock Express batting - Pitching for Sacramento River Cats : LHP Mike Berry
Batting: SHB Jim Unknown 0-0: Ball
1-0: Ball
2-0: Foul Ball, location: 2F
2-1: Ground out 4-3 (Groundball, 4, EV 83.1 MPH)
Batting: RHB Jim Unknown 0-0: Called Strike
0-1: Ball
1-1: Fly out, F7 (Flyball, 7, EV 96.3 MPH)
Batting: SHB Jim Unknown 0-0: Ball
1-0: Called Strike
1-1: Ball
2-1: SINGLE (Groundball, 34S, EV 66.3 MPH) (infield hit)
Batting: RHB Jim Unknown 0-0: Foul Ball, location: 2RF
0-1: Ground out 4-3 (Groundball, 4, EV 83.8 MPH)
Top of the 8th over - 0 runs, 1 hit, 0 errors, 1 left on base; Round Rock 4 - Sacramento 1
BOTTOM OF THE 8TH
Sacramento River Cats batting - Pitching for Round Rock Express : RHP Gregorio Torena
Batting: LHB Luis Manuel Valéncia 0-0: Ground out U3 (Groundball, 3, EV 80.6 MPH)
Batting: LHB Jon Stone 0-0: Called Strike
0-1: Ground out 4-3 (Groundball, 4S, EV 85.6 MPH)
Batting: RHB Luis Hernández 0-0: Ball
1-0: Ball
2-0: Foul Ball, location: 25F
2-1: Foul Ball, location: 2F
2-2: Fly out, F8 (Flyball, 8RD, EV 101.9 MPH)
Bottom of the 8th over - 0 runs, 0 hits, 0 errors, 0 left on base; Round Rock 4 - Sacramento 1
TOP OF THE 9TH
Round Rock Express batting - Pitching for Sacramento River Cats : LHP Mike Berry
Batting: RHB Alex Crowe 0-0: Ball
1-0: Called Strike
1-1: Ground out 4-3 (Groundball, 34, EV 88.1 MPH)
Batting: LHB Kieran Wright 0-0: Ball
1-0: Ball
2-0: Called Strike
2-1: Foul Ball, location: 7LMF
2-2: Foul Ball, location: 2RF
2-2: Ground out 1-3 (Groundball, 34S, EV 70.0 MPH)
Batting: RHB Ken Hanson 0-0: Called Strike
0-1: Ball
1-1: Foul Ball, location: 9LMF
1-2: Ground out U3 (Groundball, 23, EV 85.6 MPH)
Top of the 9th over - 0 runs, 0 hits, 0 errors, 0 left on base; Round Rock 4 - Sacramento 1
BOTTOM OF THE 9TH
Sacramento River Cats batting - Pitching for Round Rock Express : RHP Gregorio Torena
Pitching: RHP Tim Stevens
Batting: RHB Kris Smith 0-0: Called Strike
0-1: Foul Ball, location: 5F
0-2: Strikes out swinging
Batting: RHB Dewitt Mathews 0-0: Ball
1-0: Fly out, F8 (Flyball, 8RD, EV 98.8 MPH)
Batting: LHB Jesús Rivera 0-0: Swinging Strike
0-1: Fly out, F9 (Flyball, 89D, EV 99.4 MPH)
Bottom of the 9th over - 0 runs, 0 hits, 0 errors, 0 left on base; Round Rock 4 - Sacramento 1
Wednesday, May 1st , 2024 - OOTP Baseball 24.10 Build 82